 Dungeon Crawl Stone Soup version 0.28-a0-653-g7e9dba17c3 (webtiles) character file.

Game seed: 5436627473472187215

11813 SkeletonJelly the Cleaver (level 11, -6/129 HPs)
             Began as a Palentonga Fighter on Oct 11, 2021.
             Was the Champion of Okawaru.
             Mangled by a two-headed ogre (13 damage)
             ... on level 10 of the Dungeon.
             The game lasted 00:24:05 (11585 turns).

SkeletonJelly the Cleaver (Palentonga Fighter)     Turns: 11585, Time: 00:24:06

Health: -6/129     AC: 16    Str: 23    XL:     11   Next: 54%
Magic:  15/15      EV: 10    Int:  9    God:    Okawaru [******]
Gold:   649        SH:  6    Dex:  9    Spells: 10/10 levels left

rFire   . . .      SeeInvis +   H - +3 war axe (flame)
rCold   . . .      Faith    .   X - +2 buckler
rNeg    . . .      Spirit   .   T - +0 troll leather armour
rPois   +          Reflect  .   C - +1 helmet {SInv}
rElec   .          Harm     .   n - +0 cloak
rCorr   .          Rampage  .   S - +0 pair of gloves
Will    .....                   (no barding)
Stlth   ..........              (no amulet)
HPRegen 1.31/turn               B - +4 ring of slaying
MPRegen 0.14/turn               J - ring of poison resistance

@: berserking, flying, curled up, very quick
A: large, rugged brown scales 3, see invisible, deformed body, roll 1, armoured
tail, reflexive curl
a: Rolling Charge, Renounce Religion, Heroism, Finesse, Duel


You were on level 10 of the Dungeon.
You worshipped Okawaru.
Okawaru was exalted by your worship.
You visited 1 branch of the dungeon, and saw 10 of its levels.
You also visited: Sewer and Ossuary.

You collected 649 gold pieces.

Inventory:

Hand Weapons
 a - a +0 vorpal war axe
 v - a +2 whip of freezing
 H - a +3 war axe of flaming (weapon)
 V - a +2 battleaxe of flaming
 W - a +2 antimagic spear
Missiles
 j - 39 poisoned darts
 s - 6 curare-tipped darts
Armour
 b - a +0 scale mail
 c - a +0 buckler
 h - a +0 leather armour
 i - a +1 helmet
 n - a +0 cloak (worn)
 t - +0 acid dragon scales
 x - the +0 tower shield "Iroylul" {Str+2}
   (You found it on level 4 of the Dungeon)

   Str:       It affects your strength (+2).
 C - a +1 helmet of see invisible (worn)
 L - +0 steam dragon scales
 S - a +0 pair of gloves (worn)
 T - a +0 troll leather armour (worn)
 X - a +2 buckler (worn)
Jewellery
 e - a ring of fire
 B - a +4 ring of slaying (left hand)
 G - a ring of positive energy
 J - a ring of poison resistance (right hand)
 N - a ring of ice
 O - a ring of protection from fire
 P - a ring of flight
Wands
 y - a wand of paralysis (9)
 z - a wand of iceblast (16)
 K - a wand of flame (56)
 R - a wand of mindburst (16)
Scrolls
 f - a scroll of blinking
 g - 2 scrolls of fog
 k - 11 scrolls of identify
 l - a scroll of fear
 A - 4 scrolls of teleportation
 E - 2 scrolls of holy word
 F - a scroll of enchant weapon
 Q - 2 scrolls of vulnerability {unknown}
Potions
 d - 2 potions of heal wounds {unknown}
 m - a potion of lignification
 o - 4 potions of flight
 p - a potion of invisibility {unknown}
 q - a potion of magic {unknown}
 r - a potion of experience {unknown}
 w - 4 potions of curing
 D - 2 potions of ambrosia {unknown}
 I - a potion of resistance {unknown}
 M - 2 potions of brilliance {unknown}
 Y - a potion of haste {unknown}
Miscellaneous
 U - a condenser vane


   Skills:
 - Level 6.0 Fighting
 * Level 14.8 Axes
 - Level 2.4 Armour
 + Level 5.7 Dodging
 - Level 4.0 Shields
 - Level 6.0 Invocations


You had 10 spell levels left.
You didn't know any spells.
Your spell library contained the following spells:

 Spells                   Type           Power      Damage    Failure   Level
 Magic Dart               Conj           0%         1d3       43%         1
 Sting                    Tmut/Pois      0%         1d3       43%         1
 Poisonous Vapours        Pois/Air       0%         N/A       56%         2
 Mephitic Cloud           Conj/Pois/Air  0%         N/A       80%         3
 Olgreb's Toxic Radiance  Pois           0%         N/A       99%         4
 Call Imp                 Summ           Unusable   N/A       N/A         2

Dungeon Overview and Level Annotations

Branches:
Dungeon (10/15)            Temple (0/1) D:6             Orc (0/2) D:10
  Sewer (visited)         Ossuary (visited)
   Lair: D:8-11

Altars:
Ashenzari
Elyvilon
Kikubaaqudgha
Makhleb
Okawaru
Sif Muna
Vehumet
Beogh

Shops:
D:2 =   D:5 :   D:9 *


Innate Abilities, Weirdness & Mutations

You are completely covered in rugged brown scales. (AC +3, +7% HP)
You have supernaturally acute eyesight. (SInv)
Armour fits poorly on your strangely shaped body.
You can roll at nearby foes to attack.
You have a long armoured tail.
You curl defensively after being hit.


Message History

Key pressed, stopping explore.
Partly explored, can't reach some places.
Partly explored, can't reach some places.
Partly explored, can't reach some places.
Partly explored, can't reach some places.
Partly explored, can't reach some places.
Partly explored, can't reach some places.
Partly explored, can't reach some places.
You enter the shallow water.
Moving in this stuff is going to be slow.
You feel very buoyant.
You fly up into the air. 2 ogres come into view.
Found an escape hatch in the floor.
The ogre shouts! x2; You hear two shouts! x2
A two-headed ogre comes into view. It is wielding two +0 giant clubs. x2
You hear a shout!
You hear two shouts! 2 ogres and a two-headed ogre come into view.
The ogre shouts! x2; The two-headed ogre shouts in stereo!
You gain the combat prowess of a mighty hero.
You now have 13/15 mp.
You dice the two-headed ogre like an onion!!!
You burn the two-headed ogre!
The two-headed ogre is severely wounded.
The two-headed ogre hits you with a +0 giant club!
The two-headed ogre hits you with a +0 giant club.
You take 11 damage, and have 75/86 hp.
You slash the two-headed ogre! You burn the two-headed ogre.
The two-headed ogre is almost dead.
You slash the two-headed ogre! You burn the two-headed ogre.
You kill the two-headed ogre!
Okawaru is honoured by your kill.
Aiming: Iceblast
Press: ? - help, Shift-Dir - straight line, f - ogre
Aim: an ogre, wielding a +0 giant club The mass of ice explodes!
The iceblast engulfs the ogre!
The ogre is heavily wounded.
The iceblast engulfs the ogre!
The ogre is moderately wounded.
The iceblast engulfs the ogre!
The ogre is heavily wounded.
You hear a shout! x4
You slash the ogre! You burn the ogre.
You kill the ogre!
Okawaru accepts your kill.
You hit the ogre. You burn the ogre.
The ogre is heavily wounded.
The ogre hits you with a +0 giant club!!
You take 21 damage, and have 58/86 hp.
MASSIVE DAMAGE!!
You slice the ogre!! You burn the ogre.
You kill the ogre!
Okawaru accepts your kill.
Aiming: Iceblast
Press: ? - help, Shift-Dir - straight line, f - two-headed ogre
Aim: a two-headed ogre, wielding two +0 giant clubs (lightly wounded)
The mass of ice explodes!
The iceblast engulfs the two-headed ogre!
The two-headed ogre is moderately wounded.
The iceblast engulfs the ogre!
The ogre is heavily wounded.
You hear two shouts! x2
You regained 2 hp, and now have 60/86 hp.
You slash the two-headed ogre! You burn the two-headed ogre.
You tail-slap the two-headed ogre.
The two-headed ogre is severely wounded.
The two-headed ogre hits you with a +0 giant club!!
The two-headed ogre hits you with a +0 giant club!
* * * LOW HITPOINT WARNING * * *
You take 41 damage, and have 19/86 hp.
MASSIVE DAMAGE!!
You hit the two-headed ogre. You burn the two-headed ogre.
The two-headed ogre is severely wounded.
The two-headed ogre hits you with a +0 giant club!
* * * LOW HITPOINT WARNING * * *
You block the two-headed ogre's attack.
You take 9 damage, and have 10/86 hp.
You hit the two-headed ogre but do no damage.
The two-headed ogre is severely wounded.
You hit the two-headed ogre. You burn the two-headed ogre.
You tail-slap the two-headed ogre.
You kill the two-headed ogre!
Okawaru is honoured by your kill.
You slash the ogre! You burn the ogre.
You kill the ogre!
Okawaru accepts your kill.
You barely miss the two-headed ogre.
You tail-slap the two-headed ogre, but do no damage.
The two-headed ogre is lightly wounded.
You slash the two-headed ogre! You burn the two-headed ogre.
The two-headed ogre is moderately wounded.
An ogre comes into view. It is wielding a +0 giant club.
You block the two-headed ogre's attack.
The two-headed ogre hits you with a +0 giant club!
* * * LOW HITPOINT WARNING * * *
You take 10 damage, and have 4/86 hp.
A red film seems to cover your vision as you go berserk!
You feel yourself moving faster!
You feel mighty!
You feel like a meek peon again.
The two-headed ogre hits you with a +0 giant club!
You die...

#..))).≈# #.....########'##
##......## #.....#....#.....
#≈≈....## #.....#....#..... #
##≈≈...# #.....#....#..... #
###..########.....#....#.....
# ##.###..≈≈##....#....#.....
# #.##.####≈#....###'##.....
# ##..## #.#.........#..... #
#### ##@#.........#..... #
#O###........#..... #
#..##........###'## #
>..O#...######..... #
≈....#........#..... #
O≈...##........'..... #
≈≈#.###.........#..... ####
#######..........#.<... #..#
##.#.....######.....


You could see a two-headed ogre and an ogre.

Vanquished Creatures
  A rakshasa (D:9)
  2 two-headed ogres (D:10)
  A deep troll earth mage (D:9)
  Nergalle (D:10)
  A deep troll (D:9)
  An orc knight (D:9)
  Pikel (D:4)
  An ugly thing (D:9)
  A kobold demonologist (D:9)
  A troll (D:10)
  Grinder (D:3)
  Sigmund (D:3)
  A wraith (Ossuary)
  4 yaks (D:10)
  A shadow (D:9)
  A wyvern (D:10)
  Eustachio (D:5)
  A steam dragon (D:8)
  An acid dragon (D:8)
  A black bear (D:8)
  An ice beast (D:7)
  8 orc warriors
  11 ogres
  4 centaurs
  A phantom (D:4)
  A lemure (D:4)
  4 kobold brigands
  3 bullfrogs
  A gnoll sergeant (D:9)
  5 scorpions
  A wyvern skeleton (D:7)
  2 water moccasin zombies (D:6)
  A water moccasin skeleton (D:3)
  3 killer bees (D:10)
  2 electric eels (D:9)
  A howler monkey (D:9)
  2 centaur zombies
  3 hounds
  8 orc priests
  A centaur skeleton (D:6)
  5 jellies
  Terence (D:2)
  3 iguanas
  19 orc wizards
  2 hound skeletons (D:5)
  A mummy (Ossuary)
  5 gnolls (D:9)
  An adder (D:6)
  A shadow imp (D:5)
  A white imp (D:8)
  An ufetubus (D:5)
  An adder skeleton (D:4)
  4 worms
  3 dart slugs
  37 orcs
  5 ball pythons
  13 bats
  9 endoplasms
  5 giant cockroaches
  5 goblins
  6 hobgoblins
  8 jackals
  25 kobolds
  11 quokkas
  5 frilled lizards
  8 gnoll skeletons (Ossuary)
  4 kobold skeletons (Ossuary)
  13 orc skeletons (Ossuary)
  3 rats
292 creatures vanquished.

Vanquished Creatures (others)
  A plant (D:9)
1 creature vanquished.

Grand Total: 293 creatures vanquished

Notes
Turn   | Place    | Note
-------+----------+-------------------------------------------
     0 | D:1      | SkeletonJelly the Palentonga Fighter began the quest for
                  | the Orb.
     0 | D:1      | Reached XP level 1. HP: 19/19 MP: 1/1
    92 | D:1      | Reached XP level 2. HP: 24/25 MP: 2/2
  1270 | D:2      | Reached XP level 3. HP: 31/31 MP: 3/3
  1287 | D:2      | Found Noajie's Jewellery Emporium.
  1326 | D:2      | Found a faded altar of an unknown god.
  1470 | D:2      | Noticed Terence
  1477 | D:2      | Killed Terence
  1478 | D:2      | Reached skill level 3 in Axes
  1869 | D:3      | Noticed Sigmund
  1873 | D:3      | Reached XP level 4. HP: 37/37 MP: 4/4
  1874 | D:3      | Killed Sigmund
  1875 | D:3      | Reached skill level 4 in Axes
  1875 | D:3      | Reached XP level 5. HP: 44/44 MP: 5/5
  1890 | D:3      | Reached XP level 6. HP: 50/51 MP: 6/6
  1967 | D:3      | Noticed Grinder
  1973 | D:3      | Paralysed by Grinder for 6 turns
  1982 | D:3      | Killed Grinder
  1983 | D:3      | Reached skill level 5 in Axes
  2073 | D:3      | Found a glowing drain.
  2077 | Sewer    | Entered a sewer
  2606 | Sewer    | Gained mutation: You curl defensively after being hit.
                  | [Palentonga growth]
  2606 | Sewer    | Reached XP level 7. HP: 51/58 MP: 7/7
  2716 | D:3      | Found an iron altar of Okawaru.
  2809 | D:3      | Became a worshipper of Warmaster Okawaru
  2896 | D:3      | Found a broken altar of Ashenzari.
  2906 | D:3      | Found a burning altar of Makhleb.
  2907 | D:3      | Found a white marble altar of Elyvilon.
  3401 | D:4      | Identified the -8 kite shield "Vagir" {rN+ Regen+ Str-2}
  3502 | D:4      | Noticed Pikel
  3525 | D:4      | Killed Pikel
  3525 | D:4      | Reached * piety under Okawaru
  3526 | D:4      | Reached skill level 5 in Fighting
  3526 | D:4      | Reached skill level 7 in Axes
  3526 | D:4      | Reached XP level 8. HP: 32/68 MP: 8/8
  3743 | D:4      | Identified the +0 tower shield "Iroylul" {Str+2}
  3794 | D:4      | Found an ancient bone altar of Kikubaaqudgha.
  4035 | D:5      | Entered Level 5 of the Dungeon
  4137 | D:5      | Noticed Eustachio
  4146 | D:5      | Killed Eustachio
  4147 | D:5      | Reached skill level 8 in Axes
  4147 | D:5      | Reached skill level 1 in Invocations
  4317 | D:5      | Reached ** piety under Okawaru
  4367 | D:5      | Found a sand-covered staircase.
  4372 | Ossuary  | Entered an ossuary
  4531 | Ossuary  | Reached skill level 9 in Axes
  4850 | D:5      | Found Micaaxke's Book Emporium.
  5694 | D:6      | Reached XP level 9. HP: 73/73 MP: 11/11
  5800 | D:6      | Found a staircase to the Ecumenical Temple.
  6289 | D:6      | Reached skill level 10 in Axes
  6791 | D:7      | Reached *** piety under Okawaru
  6792 | D:7      | Reached skill level 5 in Invocations
  7327 | D:8      | Reached skill level 11 in Axes
  7890 | D:8      | Reached skill level 1 in Dodging
  7890 | D:8      | Reached XP level 10. HP: 81/81 MP: 14/14
  8466 | D:9      | Reached **** piety under Okawaru
  8893 | D:9      | Reached skill level 12 in Axes
  9057 | D:9      | Found a runed translucent door.
  9359 | D:9      | Found Ofoots's General Store.
  9899 | D:9      | Noticed an orc knight
  9913 | D:9      | Killed an orc knight
  9917 | D:9      | Noticed a rakshasa
  9922 | D:9      | Killed a rakshasa
 10076 | D:9      | Noticed a green ugly thing
 10077 | D:9      | Noticed a deep troll earth mage
 10084 | D:9      | Noticed a deep troll
 10086 | D:9      | Killed a green ugly thing
 10087 | D:9      | Reached skill level 13 in Axes
 10101 | D:9      | Killed a deep troll earth mage
 10102 | D:9      | Killed a deep troll
 10102 | D:9      | Reached ***** piety under Okawaru
 10558 | D:10     | Entered Level 10 of the Dungeon
 10579 | D:10     | Reached XP level 11. HP: 86/86 MP: 15/15
 10793 | D:10     | Noticed Nergalle
 10798 | D:10     | Noticed a spectral orc warlord
 10805 | D:10     | Killed Nergalle
 10901 | D:10     | Reached skill level 14 in Axes
 10920 | D:10     | Found a staircase to the Orcish Mines.
 10923 | D:10     | Reached skill level 5 in Dodging
 11240 | D:10     | Found a shimmering blue altar of Sif Muna.
 11240 | D:10     | Found a radiant altar of Vehumet.
 11564 | D:10     | Noticed a two-headed ogre
 11564 | D:10     | Noticed a two-headed ogre
 11567 | D:10     | Noticed a two-headed ogre
 11572 | D:10     | Killed a two-headed ogre
 11581 | D:10     | Killed a two-headed ogre
 11581 | D:10     | Reached ****** piety under Okawaru
 11584 | D:10     | HP: 4/86 [two-headed ogre (11)]
 11585 | D:10     | Mangled by a two-headed ogre

Illustrated notes

Levels and vault maps discovered:
D:1:      roderic_chinese_lattice_arrival, layout_basic, minmay_misc_feat_alley
D:2:      layout_loops_ring, dreamdust_ecumenical_altar_statues, serial_shops,
          nicolae_shop_trees, uniq_terence
D:3:      layout_basic, mainiacjoe_overflow_24_doors,
          gammafunk_temple_overflow_forgotten, gup_sewer_entry_spiral,
          uniq_sigmund, uniq_grinder
D:4:      layout_rooms, tgw_kikubaaqudgha, minmay_misc_feat_square,
          hangedman_decor_opposing, hangedman_decor_peaks_small, hex_medium,
          uniq_pikel
D:5:      layout_layer_cave, enter_ossuary_5, serial_shops,
          nicolae_take_the_stairs, kennysheep_nub, abandoned_shop,
          minmay_crossroads, uniq_eustachio
D:6:      layout_basic, minmay_temple_entry_sparse_star
D:7:      layout_basic
D:8:      minmay_flawed_box, layout_basic
D:9:      layout_grid_maze, serial_shops, kennysheep_mini_moat,
          serial_bayou_ford_a, amcnicky_mini_pool_small, minivault_13
D:10:     lemuel_ogre_cave, layout_grid_maze,
          gammafunk_temple_overflow_elements, minmay_orc_entry_temple_small,
          minmay_misc_feat_tower, uniq_nergalle

Skill      XL: |  1  2  3  4  5  6  7  8  9 10 11 |
---------------+----------------------------------+-----
Axes           | 3 4 5 7 9 11 13 14 | 14.8
Shields        | 3 4 |  4.0
Fighting       | 4 5 6 |  6.0
Invocations    | 3 6 |  6.0
Dodging        | 1 4 5 |  5.7
Armour         | |  2.4

Action                   |  1- 3 |  4- 6 |  7- 9 | 10-12 || total
-------------------------+-------+-------+-------+-------++-------
Melee: War axe           |    83 |    84 |   237 |   188 ||   592
       Tailslap          |     5 |     6 |    31 |    22 ||    64
Throw: Dart              |       |       |     5 |       ||     5
Invok: Heroism           |       |       |     1 |     5 ||     6
       Finesse           |       |       |       |     3 ||     3
 Abil: Rolling Charge    |    20 |    10 |    48 |    32 ||   110
Evoke: Wand              |       |       |       |     5 ||     5
  Use: Scroll            |     5 |       |     7 |       ||    12
       Potion            |     1 |     1 |       |     5 ||     7
Armor: Scale mail        |    35 |       |       |       ||    35
       Leather armour    |    14 |    31 |     9 |       ||    54
       Acid dragon scale |       |       |    76 |       ||    76
       Steam dragon scal |       |       |       |    19 ||    19
       Skin              |       |       |       |    10 ||    10
       Troll leather arm |       |       |       |    20 ||    20
Dodge: Dodged            |    47 |    30 |    66 |    53 ||   196
Block: Buckler           |    16 |    22 |    32 |    30 ||   100

Table legend: (Time is in decaauts)
 A = Elapsed time spent in this place.
 B = Non-inter-level travel time spent in this place.
 C = Inter-level travel time spent in this place.
 D = Time resting spent in this place.
 E = Time spent auto-exploring this place.
 F = Levels seen in this place.
 G = Mean time per level.
                   A        B        C        D        E       F      G
               +--------+--------+--------+--------+--------+-----+--------+
         Total |  11768 |  11316 |    452 |    164 |   9221 |  12 |  980.7 |
       Dungeon |  10701 |  10249 |    452 |    164 |   8315 |  10 | 1070.1 |
         Sewer |    690 |    690 |      0 |      0 |    598 |   1 |  690.0 |
       Ossuary |    376 |    376 |      0 |      0 |    307 |   1 |  376.0 |
               +--------+--------+--------+--------+--------+-----+--------+

Top non-repeatable levels by time:
     D:9: 2115 daAuts
     D:5: 1278 daAuts
     D:8: 1176 daAuts
     D:6: 1082 daAuts
     D:1: 1075 daAuts
    D:10: 1012 daAuts
     D:4: 912 daAuts
     D:3: 866 daAuts
     D:2: 696 daAuts
   Sewer: 690 daAuts
     D:7: 485 daAuts
 Ossuary: 376 daAuts
